 Dungeon Crawl Stone Soup version 0.25-a0-1024-gbfbf38f2cb (webtiles) character file.

Game seed: 15295962958019555373, levelgen mode: deterministic

135960 Flugslaktarn the Severer (level 17, -1/142 HPs)
             Began as a Barachi Fighter on May 12, 2020.
             Was the Champion of Ru.
             Killed from afar by Nikola (24 damage)
             ... with a chain lightning
             ... on level 4 of the Spider Nest.
             The game lasted 00:22:16 (35972 turns).

Flugslaktarn the Severer (Barachi Fighter)         Turns: 35972, Time: 00:22:17

Health: -1/142     AC: 40    Str: 18 (19) XL:     17   Next: 20%
Magic:  17/21      EV: 21    Int: 11      God:    Ru [******]
Gold:   996        SH: 14    Dex: 13      Spells: 16/16 levels left

rFire    x . .     SeeInvis .   M - +2 broad axe (vorpal)
rCold    + . .     Gourm    .   a - +1 kite shield {AC+3}
rNeg     . . .     Faith    .   v - +1 plate armour of the King {rC+ Slay+2}
rPois    +         Spirit   .   f - +2 helmet
rElec    .         Reflect  .   F - +2 cloak {rPois}
rCorr    .         Harm     .   S - +2 pair of gloves
MR       +....                  H - +2 pair of boots {Stlth+}
Stlth    ..........             A - amulet of the acrobat
HPRegen  0.33/turn              p - +5 ring of protection
MPRegen  0.17/turn              c - ring of protection from cold

@: acrobat, lightly drained, slow
A: +LOS, swims, slowness 1, weak 1, no stealth, hated by all, unskilled 1,
temperature sensitive, strong legs 2
a: Hop, Draw Out Power, Power Leap, Apocalypse, Renounce Religion


You were on level 4 of the Spider Nest.
You worshipped Ru.
Ru was exalted by your worship.
You were not hungry.

You visited 4 branches of the dungeon, and saw 27 of its levels.
You also visited: Sewer.

You collected 2620 gold pieces.
You spent 1624 gold pieces at shops.

Inventory:

Hand Weapons
 M - a +2 vorpal broad axe (weapon)
   (You found it on level 4 of the Lair of Beasts)
Missiles
 h - 2 curare-tipped darts (quivered)
 U - 4 throwing nets
Armour
 a - a +1 kite shield of protection (worn)
   (You found it on level 15 of the Dungeon)
 f - a +2 helmet (worn)
   (You found it on level 2 of the Dungeon)
 v - the +1 plate armour of the King (worn) {rC+ Slay+2}
   (You bought it in a shop on level 2 of the Orcish Mines)

   It affects your accuracy and damage with ranged weapons and melee attacks
   (+2).
   It protects you from cold.
 C - a scarf of resistance
   (You found it on level 10 of the Dungeon)
 F - a +2 cloak of poison resistance (worn)
   (You took it off Maurice on level 8 of the Dungeon)
 H - a +2 pair of boots of stealth (worn)
   (You found it on level 1 of the Lair of Beasts)
 S - a +2 pair of gloves (worn)
   (You found it on level 6 of the Lair of Beasts)
 V - the +1 plate armour "Jighi" {Dex+10}
   (You found it on level 15 of the Dungeon)

   It affects your dexterity (+10).
Jewellery
 c - a ring of protection from cold (right hand)
   (You found it on level 6 of the Dungeon)
 k - an uncursed ring of resist corrosion
   (You found it on level 1 of the Spider Nest)
 p - a +5 ring of protection (left hand)
   (You found it on level 5 of the Dungeon)
 s - an uncursed ring of fire
   (You found it on level 5 of the Dungeon)
 A - an amulet of the acrobat (around neck)
   (You found it on level 5 of the Lair of Beasts)
 D - an uncursed ring of ice
   (You found it on level 10 of the Dungeon)
Wands
 b - a wand of clouds (10)
   (You took it off Psyche on level 8 of the Dungeon)
 y - a wand of paralysis (12)
   (You found it on level 7 of the Dungeon)
 E - a wand of iceblast (25)
   (You took it off Erolcha on level 11 of the Dungeon)
 K - a wand of acid (3)
   (You found it on level 5 of the Lair of Beasts)
Scrolls
 j - a scroll of enchant armour
 m - 2 scrolls of fog
 r - 4 scrolls of identify
 t - 11 scrolls of teleportation
 x - 6 scrolls of remove curse
 z - a scroll of blinking
 B - 2 scrolls of magic mapping
 G - 5 scrolls of immolation
 L - 4 scrolls of fear
 O - 3 scrolls of silence
Potions
 d - 6 potions of might
 g - 7 potions of mutation
 i - 3 potions of flight
 l - 4 potions of lignification
 n - 3 potions of resistance
 o - a potion of invisibility
 u - a potion of ambrosia
 w - 2 potions of heal wounds
 N - 2 potions of cancellation
 P - 2 potions of magic
Miscellaneous
 I - a tin of tremorstones (1/3)
   (You found it on level 2 of the Lair of Beasts)
Comestibles
 e - 23 rations


   Skills:
 + Level 15.2(14.8) Fighting
 * Level 17.1(16.7) Axes
 + Level 15.1(14.8) Armour
 + Level 14.1(13.7) Shields
 - Level 6.0(5.7) Evocations


You had 16 spell levels left.
You didn't know any spells.
Your spell library was empty.

Dungeon Overview and Level Annotations

Branches:
Dungeon (15/15)            Temple (0/1) D:4            Lair (6/6) D:10
  Swamp (0/4) Lair:4       Spider (4/4) Lair:3        Slime (0/5) Lair:5
    Orc (2/2) D:12            Elf (0/3) Orc:2        Vaults (0/5) D:14
 Depths (0/5) D:15          Sewer (visited)

Altars:
Ashenzari
Dithmenos
Elyvilon
Fedhas
Hepliaklqana
Makhleb
Ru
Sif Muna
Trog
Wu Jian
Beogh

Shops:
D:5 *   D:11 =   Orc:2 [*(:

Annotations:
Lair:1 exclusion: 3 oklob plants
Spider:4 Nikola


Innate Abilities, Weirdness & Mutations

You can be seen from farther away. (+LOS)
You can swim through water.
You cover ground slowly.
You are weak. (Str -2)
You cannot be stealthy.
You are hated by all.
You are somewhat unskilled. (-1 Apt)
You are sensitive to extremes of temperature. (rF-, rC-)
You can hop long distances.


Message History

Aim: Nikola, wielding a +4 rapier of electrocution, wearing a +0 cloak of magic resistance and wearing a +1 pair of gloves (severely wounded)
You create a blast of freezing vapour!
Nikola is engulfed in freezing vapours.
Nikola mumbles some strange words.
You hear a mighty clap of thunder!
The lightning arc hits you!!!
The lightning arc hits Nikola.
The lightning arc hits you!!
The lightning arc hits Nikola!
The lightning arc hits you.
The lightning arc hits Nikola.
You hear an angry hiss.
You hear an angry buzzing noise.
You hear an angry hiss. x4
Unknown command.
The spark wasp bursts into living lightning!
The living lightning hits you!!
* * * LOW HITPOINT WARNING * * *
The spark wasp blinks!
Nikola is engulfed in freezing vapours.
Nikola casts a spell.
You hear a mighty clap of thunder!
The lightning arc hits you!
* * * LOW HITPOINT WARNING * * *
The lightning arc hits Nikola!
The lightning arc hits you!!
You die...

#####^.^...#
####≈≈.^^.....##
#≈..^≈.........^
≈............. ..........≈≈^
.... ^.....########
°≈.^#####^^^≈^.^..########
#####.≈.....y§^.....^.^..##
..^.^^.......§§§@..#....^^..
...†%.......^§§@§.§°§...s..^
.............§§§.§§#s.......
......^...≈.^§...§§☼....^...
...≈..≈.^..########≈[≈....≈^
#########.^.. ##^^^.≈^#
..≈.... ##.^≈## ........
#### . .....


You could see Nikola, a spark wasp, an orb spider (charged) and a jumping
spider.

Vanquished Creatures
  Arachne (Spider:3)
  Jorgrun (D:12)
  2 ghost moths
  An emperor scorpion (Spider:3)
  The ghost of Nedawn the Cleaver, a journeyman DrWn of Makhleb (D:15)
  2 stone giants
  An entropy weaver (Spider:1)
  A spark wasp (Spider:3)
  4 ettins
  Erolcha (D:11)
  A vault guard (D:14)
  An ice dragon (Lair:5)
  7 hydras
  7 centaur warriors
  3 ogre magi (D:15)
  16 two-headed ogres
  3 death yaks (Lair:4)
  Nergalle (Lair:1)
  A shadow wraith (D:15)
  2 unseen horrors
  A flayed ghost (D:15)
  3 orc knights (Orc:1)
  5 deep elf magi
  2 orc sorcerers (Orc:1)
  9 orb spiders
  25 wolf spiders
  2 elephants (Lair:6)
  10 cyclopes
  4 ugly things (D:14)
  2 manticores
  A guardian serpent (Lair:6)
  Psyche (D:8)
  A moth of wrath (Spider:4)
  8 black mambas
  4 centaur zombies
  Maurice (D:8)
  A torpor snail (Spider:3)
  2 gargoyles
  17 spiny frogs
  2 rime drakes (D:15)
  3 kobold demonologists
  2 freezing wraiths (D:15)
  3 komodo dragons
  A komodo dragon (shapeshifter) (D:15)
  2 efreet
  11 demonic crawlers
  5 trolls
  24 jumping spiders
  3 meliai (D:14)
  3 polar bears
  12 hornets
  4 dream sheep (Lair:5)
  10 blink frogs
  12 hippogriffs
  52 redbacks
  5 shadows
  39 tarantellas
  23 yaks
  A water elemental (D:14)
  7 wraiths
  4 hogs (D:12)
  Eustachio (D:6)
  12 wyverns
  3 hungry ghosts
  2 basilisks
  6 vampire mosquitoes
  2 soldier ants (D:9)
  21 water moccasins
  A warg (Orc:2)
  8 porcupines
  22 orc warriors
  7 sky beasts
  2 ice beasts
  4 phantoms
  3 black bears
  2 eyes of draining
  3 boggarts (D:14)
  8 ogres
  11 centaurs
  3 wolves (Lair:4)
  9 crocodiles
  2 big kobolds
  16 bullfrogs
  A wyvern zombie (D:11)
  7 scorpions
  A wyvern skeleton (D:14)
  3 troll zombies (D:12)
  27 wights
  8 electric eels
  2 bullfrog zombies
  2 howler monkeys
  9 crimson imps
  A quasit (D:14)
  5 centaur skeletons
  6 hounds
  3 jellies
  16 orc priests
  24 orc wizards
  A bullfrog skeleton (D:6)
  3 iguanas
  13 worker ants
  A killer bee zombie (D:6)
  3 ogre zombies (D:12)
  A hound skeleton (D:5)
  11 gnolls
  A howler monkey skeleton (D:11)
  13 adders
  4 river rats (Sewer)
  5 shadow imps
  3 white imps (Lair:5)
  3 oozes
  An adder zombie (D:6)
  An adder skeleton (D:4)
  2 worms
  4 dart slugs
  4 leopard geckos
  73 orcs
  9 ball pythons
  5 bats
  10 giant cockroaches
  11 goblins
  4 hobgoblins
  3 jackals (D:7)
  3 quokkas
  18 frilled lizards
  2 goblin skeletons (D:12)
  3 goblin zombies
  3 hobgoblin zombies (D:12)
  A jackal zombie (D:6)
  33 kobolds
  2 orc skeletons (D:12)
  9 orc zombies (D:12)
  2 quokka skeletons
  A quokka zombie (D:7)
  31 rats
  12 fungi
  10 plants
966 creatures vanquished.

Vanquished Creatures (others)
  An ugly thing (D:14)
  An elephant (Lair:6)
  A black mamba (Lair:6)
  A spiny frog (Lair:2)
  A demonic crawler (Spider:1)
  Prince Ribbit (D:8)
  A tarantella (Spider:4)
  2 redbacks
  A centaur simulacrum (D:15)
  A vampire mosquito (Lair:4)
  A porcupine (Lair:1)
  A phantom (D:12)
  An orc warrior (Orc:1)
  A centaur (D:7)
  2 wolves (Lair:4)
  An ogre (D:5)
  A crocodile (Lair:5)
  A bullfrog (Lair:4)
  A water moccasin skeleton (D:9)
  2 orc wizards (D:14)
  A centaur skeleton (D:6)
  A worker ant (D:9)
  An orc (Orc:2)
  11 fungi
  25 plants
62 creatures vanquished.

Grand Total: 1028 creatures vanquished

Notes
Turn   | Place    | Note
-------+----------+-------------------------------------------
     0 | D:1      | Flugslaktarn the Barachi Fighter began the quest for the
                  | Orb.
     0 | D:1      | Reached XP level 1. HP: 18/18 MP: 1/1
   131 | D:1      | Reached XP level 2. HP: 16/25 MP: 2/2
   313 | D:1      | Reached XP level 3. HP: 28/30 MP: 3/3
   524 | D:1      | Reached skill level 3 in Axes
  1062 | D:2      | Reached XP level 4. HP: 30/37 MP: 4/4
  1163 | D:2      | Found a faded altar of an unknown god.
  1457 | D:2      | Found a burning altar of Makhleb.
  1468 | D:2      | Found a sacrificial altar of Ru.
  1472 | D:2      | Became a worshipper of Ru the Awakened
  1556 | D:2      | Found a shattered altar of Ashenzari.
  1586 | D:2      | Found a shadowy altar of Dithmenos.
  2049 | D:3      | Found a glowing drain.
  2058 | Sewer    | Entered a sewer
  2107 | Sewer    | Reached XP level 5. HP: 30/43 MP: 5/5
  2284 | Sewer    | Reached skill level 4 in Axes
  2790 | Sewer    | Gained mutation: You are weak. (Str -2) [Ru sacrifice]
  2958 | Sewer    | Noticed a big kobold
  2987 | Sewer    | Killed a big kobold
  2987 | Sewer    | Reached XP level 6. HP: 36/50 MP: 6/6
  3402 | D:3      | Reached skill level 5 in Fighting
  3414 | D:3      | Reached skill level 5 in Axes
  3414 | D:3      | Reached skill level 5 in Armour
  4081 | D:4      | Reached XP level 7. HP: 56/56 MP: 7/7
  4631 | D:4      | Found a blossoming altar of Fedhas.
  4650 | D:4      | Reached skill level 5 in Shields
  4764 | D:4      | Reached skill level 6 in Axes
  4880 | D:4      | Found a staircase to the Ecumenical Temple.
  4921 | D:5      | Entered Level 5 of the Dungeon
  4988 | D:5      | Reached XP level 8. HP: 17/64 MP: 8/8
  5500 | D:5      | Reached skill level 7 in Axes
  5501 | D:5      | Found Kaenucot's General Store.
  5505 | D:5      | Gained mutation: You cannot be stealthy. [Ru sacrifice]
  5505 | D:5      | Reached * piety under Ru
  6365 | D:5      | Reached skill level 8 in Axes
  6389 | D:5      | Reached XP level 9. HP: 62/71 MP: 9/9
  7108 | D:6      | Noticed Eustachio
  7148 | D:6      | Killed Eustachio
  7148 | D:6      | Reached skill level 9 in Axes
  8282 | D:7      | Gained mutation: You are sensitive to extremes of
                  | temperature. (rF-, rC-) [Ru sacrifice]
  8282 | D:7      | Reached ** piety under Ru
  8282 | D:7      | Reached *** piety under Ru
  8282 | D:7      | Reached **** piety under Ru
  8721 | D:7      | Reached XP level 10. HP: 80/80 MP: 10/10
  9310 | D:7      | Reached skill level 10 in Axes
  9620 | D:8      | Noticed Prince Ribbit
  9636 | D:8      | Killed Prince Ribbit
  9852 | D:8      | Noticed Maurice
  9875 | D:8      | Killed Maurice
 10061 | D:8      | Noticed Psyche
 10069 | D:8      | Killed Psyche
 10522 | D:8      | Noticed a two-headed ogre
 10534 | D:8      | Killed a two-headed ogre
 10994 | D:8      | Found an ornate altar of the Wu Jian Council.
 10999 | D:8      | Found a white marble altar of Elyvilon.
 11012 | D:8      | Found a hazy altar of Hepliaklqana.
 11086 | D:9      | Gained mutation: You are somewhat unskilled. (-1 Apt) [Ru
                  | sacrifice]
 11086 | D:9      | Reached ***** piety under Ru
 11477 | D:9      | Noticed a manticore
 11496 | D:9      | Killed a manticore
 12080 | D:9      | Found a shimmering blue altar of Sif Muna.
 12274 | D:10     | Entered Level 10 of the Dungeon
 12280 | D:10     | Reached XP level 11. HP: 83/87 MP: 11/11
 12300 | D:10     | Noticed a two-headed ogre
 12309 | D:10     | Killed a two-headed ogre
 12582 | D:10     | Found a shadowy altar of Dithmenos.
 13084 | D:10     | Found a staircase to the Lair.
 13111 | D:10     | Gained mutation: You are hated by all. [Ru sacrifice]
 13111 | D:10     | Reached ****** piety under Ru
 13384 | D:11     | Reached skill level 11 in Axes
 13954 | D:11     | Killed an unseen horror
 14274 | D:11     | Found Zaocva Tuste's Jewellery Boutique.
 14327 | D:11     | Noticed a cyclops
 14338 | D:11     | Killed a cyclops
 14352 | D:11     | Found a bloodstained altar of Trog.
 14354 | D:11     | Noticed Erolcha
 14364 | D:11     | Killed Erolcha
 15105 | Lair:1   | Entered Level 1 of the Lair of Beasts
 15372 | Lair:1   | Reached skill level 12 in Axes
 15372 | Lair:1   | Reached XP level 12. HP: 97/97 MP: 12/12
 15379 | Lair:1   | Noticed Nergalle
 15390 | Lair:1   | Reached skill level 10 in Armour
 15390 | Lair:1   | Killed Nergalle
 15390 | Lair:1   | Reached skill level 10 in Fighting
 15528 | Lair:1   | Noticed a five-headed hydra
 15539 | Lair:1   | Killed a seven-headed hydra
 16810 | Lair:2   | Found an ornate altar of the Wu Jian Council.
 17690 | Lair:2   | Noticed a six-headed hydra
 17701 | Lair:2   | Killed a ten-headed hydra
 17972 | Lair:3   | Found a hole to the Spider Nest.
 19002 | Lair:4   | Reached skill level 5 in Evocations
 19029 | Lair:4   | Noticed a seven-headed hydra
 19034 | Lair:4   | Noticed a five-headed hydra
 19042 | Lair:4   | Killed a six-headed hydra
 19042 | Lair:4   | Gained mutation: You can hop long distances. [Barachi
                  | growth]
 19042 | Lair:4   | Reached XP level 13. HP: 23/104 MP: 17/17
 19049 | Lair:4   | Reached skill level 10 in Shields
 19465 | Lair:4   | Reached skill level 13 in Axes
 19724 | Lair:4   | Found a staircase to the Swamp.
 20835 | Lair:5   | Noticed an ice dragon
 20858 | Lair:5   | Killed an ice dragon
 21285 | Lair:5   | Found a staircase to the Slime Pits.
 21618 | Lair:6   | Entered Level 6 of the Lair of Beasts
 22369 | Lair:6   | Reached XP level 14. HP: 100/115 MP: 18/18
 23299 | D:12     | Noticed Jorgrun
 23314 | D:12     | Killed Jorgrun
 23405 | D:12     | Noticed Kirke
 23410 | D:12     | Noticed Kirke
 23410 | D:12     | Kirke changed into Kirke the hog
 23419 | D:12     | Killed Kirke the hog
 23608 | D:12     | Reached skill level 14 in Axes
 24112 | D:12     | Found a staircase to the Orcish Mines.
 25260 | D:14     | Paralysed by a meliai for 2 turns
 26152 | D:14     | Reached XP level 15. HP: 64/124 MP: 19/19
 26512 | D:14     | Found a gate to the Vaults.
 26816 | D:15     | Entered Level 15 of the Dungeon
 27257 | D:15     | Found a frozen archway.
 27358 | D:15     | Reached skill level 15 in Axes
 27420 | D:15     | Got a heavily runed plate armour
 27421 | D:15     | Identified the +1 plate armour "Jighi" {Dex+10} (You found
                  | it on level 15 of the Dungeon)
 27700 | D:15     | Found a staircase to the Depths.
 28112 | D:15     | Found a runed translucent gate.
 28112 | D:15     | Found a runed translucent gate.
 28114 | D:15     | Found a runed translucent gate.
 28116 | D:15     | Noticed Nedawn's ghost (journeyman DrWn)
 28130 | D:15     | Killed Nedawn's ghost
 28466 | Orc:1    | Entered Level 1 of the Orcish Mines
 29330 | Orc:1    | Found a roughly hewn altar of Beogh.
 29386 | Orc:2    | Entered Level 2 of the Orcish Mines
 29402 | Orc:2    | Found Wenker's Book Shoppe.
 30435 | Orc:2    | Reached XP level 16. HP: 133/133 MP: 20/20
 30840 | Orc:2    | Found a staircase to the Elven Halls.
 30873 | Orc:2    | Found Dutz's Antique Weapon Shop.
 31150 | Orc:2    | Found Yliecyli's Antique Armour Boutique.
 31209 | Orc:2    | Found Igasch's General Store.
 31574 | Orc:2    | Bought a jewelled plate armour for 812 gold pieces
 31574 | Orc:2    | Identified the cursed +0 plate armour of Womy {+Inv Str-5
                  | Dex+5} (You bought it in a shop on level 2 of the Orcish
                  | Mines)
 31575 | Orc:2    | Bought an ichor-stained plate armour for 812 gold pieces
 31575 | Orc:2    | Identified the cursed +1 plate armour of the King {rC+
                  | Slay+2} (You bought it in a shop on level 2 of the Orcish
                  | Mines)
 31808 | Spider:1 | Entered Level 1 of the Spider Nest
 32714 | Spider:1 | Reached skill level 16 in Axes
 33961 | Spider:3 | Noticed Arachne
 33983 | Spider:3 | Killed Arachne
 34579 | Spider:4 | Entered Level 4 of the Spider Nest
 34907 | Spider:3 | Reached skill level 15 in Fighting
 35138 | Spider:3 | Reached skill level 15 in Armour
 35138 | Spider:3 | Reached XP level 17. HP: 74/142 MP: 21/21
 35668 | Spider:3 | Reached skill level 17 in Axes
 35957 | Spider:4 | Noticed Nikola
 35972 | Spider:4 | Killed from afar by Nikola

Illustrated notes

Levels and vault maps discovered:
D:1:      psy_arrival_statuary, layout_rooms, hangedman_decor_opposing,
          minmay_lizard_pond
D:2:      layout_basic, nicolae_overflow_quartered_altars,
          chequers_ecumenical_altar_simple
D:3:      layout_basic, portal_sewer_entry_e
D:4:      layout_loops_ring, temple_hall, fedhas_altar_3
D:5:      layout_cave_pods, serial_shops, kennysheep_mini, first_ration
D:6:      layout_basic, uniq_eustachio
D:7:      cheibrodos_quashed, layout_basic, enter_ossuary_4,
          kennysheep_small_spiral
D:8:      layout_basic, minitemple, uniq_prince_ribbit1, uniq_maurice,
          uniq_psyche
D:9:      layout_cave_pods, lemuel_round_altar, hangedman_pestilent_swarm,
          serial_bayou_crossing
D:10:     layout_stronghold, lair_entry_dummy, minmay_misc_feat_five,
          hangedman_abyss_or_decor_passed, kennysheep_crisscross,
          grunt_ministairs_6, nicolae_dithmenos_the_darkroom
D:11:     layout_grid_maze, serial_shops, nicolae_shop_behind_doors,
          trog_ov_bears_minmay, uniq_erolcha
D:12:     layout_irregular_city, zombieorc1_lemuel, uniq_kirke, uniq_jorgrun
D:13:     layout_small_grid
D:14:     minmay_spotlight, layout_basic, david_vaults_5, nicolae_water_bricks
D:15:     hangedman_depths_entry_civil_slaughter, layout_basic,
          dk_noncrumbling_4, portal_ice_cave_rime, gammafunk_ghost_spectres,
          serial_glass, glass_columns_c, glass_columns_c, due_unseen_surprise,
          item_on_display_a, item_on_display_a, feat_on_display,
          lemuel_flamethrower_2
Lair:1:   layout_layer_cave, serial_bayou, serial_bayou_lake_a,
          serial_bayou_pond_d, serial_bayou_pond_a, serial_bayou_pond_a,
          minmay_lair_oklob_chamber, uniq_nergalle
Lair:2:   layout_cave_pods, basic_altar, grunt_megastairs_4
Lair:3:   layout_cave_pods, spider_nest_entry_webs, serial_forest,
          infiniplex_forest_clump_medium, infiniplex_forest_corner_1,
          infiniplex_forest_diagonal, infiniplex_forest_clump_curved,
          infiniplex_forest_lined_3, infiniplex_forest_corner_2,
          infiniplex_forest_zigzag_2, infiniplex_forest_clump_large
Lair:4:   layout_cave_pods, minmay_swamp_entry_swarm
Lair:5:   layout_gridlike, dpeg_slime_entry_corner, bobbens_ice_dragon_lair
Lair:6:   hangedman_lair_tendril_chambers, layout_long_grid,
          serial_bayou_shore_a
Spider:1: layout_spider_delve
Spider:2: layout_spider_delve
Spider:3: layout_spider_delve, hive_lemuel, uniq_arachne
Spider:4: grunt_spider_rune_parallel, nicolae_orb_island, uniq_nikola
Orc:1:    minmay_goldmine, layout_diamond_mine, special_room [special_room_orc],
          biasface_ghost_orc_armoury, serial_shops,
          nicolae_shop_overgrown_old_shop
Orc:2:    grunt_orc_gardens, layout_caves, grunt_orc_garden, grunt_orc_garden,
          grunt_orc_garden, grunt_orc_garden, special_room,
          guppyfry_library_mini

Skill      XL: |  1  2  3  4  5  6  7  8  9 10 11 12 13 14 15 16 17 |
---------------+----------------------------------------------------+-----
Fighting       | 4 5 6 8 8 9 10 12 13 14 15 | 15.2
Axes           | 3 4 5 6 8 9 10 12 13 14 15 16 17 | 17.1
Armour         | 4 5 6 8 8 9 10 12 13 14 15 | 15.1
Shields        | 4 5 6 7 7 9 11 12 13 14 | 14.1
Evocations     | 6 |  6.0

Action                   |  1- 3 |  4- 6 |  7- 9 | 10-12 | 13-15 | 16-18 || total
-------------------------+-------+-------+-------+-------+-------+-------++-------
Melee: War axe           |   123 |   229 |   400 |   893 |    55 |       ||  1700
       Broad axe         |       |       |       |       |  1187 |   535 ||  1722
Invok: Sacrifice Purity  |       |     1 |       |       |       |       ||     1
       Sacrifice Stealth |       |       |     1 |       |       |       ||     1
       Sacrifice Resista |       |       |     1 |       |       |       ||     1
       Power Leap        |       |       |       |     4 |     1 |     1 ||     6
       Sacrifice Skill   |       |       |       |     1 |       |       ||     1
       Apocalypse        |       |       |       |     4 |    11 |     4 ||    19
       Sacrifice Love    |       |       |       |     1 |       |       ||     1
       Draw Out Power    |       |       |       |     2 |     3 |     5 ||    10
 Abil: Hop               |       |       |     1 |       |     2 |     1 ||     4
Evoke: Wand              |       |       |       |     2 |     5 |     7 ||    14
       Tin of tremorston |       |       |       |     3 |     6 |     7 ||    16
  Use: Potion            |       |     3 |     4 |     3 |     3 |     7 ||    20
       Scroll            |       |       |     3 |    19 |    13 |     6 ||    41
 Stab: Distracted        |       |       |     2 |     6 |    12 |     1 ||    21
       Paralysed         |       |       |       |    13 |    21 |    10 ||    44
       Invisible         |       |       |       |     7 |     6 |    15 ||    28
       Petrified         |       |       |       |       |     3 |       ||     3
  Eat: Chunk             |     1 |     8 |    13 |    32 |    13 |     5 ||    72
       Ration            |       |     1 |     1 |     2 |     9 |     4 ||    17
Armor: Scale mail        |    45 |   120 |    29 |       |       |       ||   194
       Plate armour      |       |       |   191 |   505 |   597 |   632 ||  1925
Dodge: Dodged            |    48 |    98 |    66 |    66 |   140 |   221 ||   639
Block: Kite shield       |    75 |   135 |   182 |       |   127 |   442 ||   961
       Tower shield      |       |       |     6 |   679 |   786 |       ||  1471

Table legend:
 A = Non-vault XP
 B = Vault XP
 C = Vault XP percentage of total XP
 D = Non-vault monster count
 E = Vault monster count
 F = Vault count percentage of total count
                 A         B        C        D         E       F
            +---------+---------+-------+---------+---------+-------
      Total |  134322 |   59907 |  30.8 |     698 |     269 |  27.8
            +---------+---------+-------+---------+---------+-------
        D:1 |      44 |       7 |  13.7 |      24 |       7 |  22.6
        D:2 |      93 |       0 |   0.0 |      26 |       0 |   0.0
        D:3 |     154 |       9 |   5.5 |      20 |       8 |  28.6
        D:4 |     500 |       0 |   0.0 |      19 |       0 |   0.0
        D:5 |    1614 |       0 |   0.0 |      28 |       0 |   0.0
        D:6 |    1256 |     196 |  13.5 |      30 |       1 |   3.2
        D:7 |     985 |       2 |   0.2 |      23 |       2 |   8.0
        D:8 |    1585 |    1061 |  40.1 |      23 |       3 |  11.5
        D:9 |    1113 |     309 |  21.7 |      15 |       4 |  21.1
       D:10 |    1395 |     722 |  34.1 |      14 |       4 |  22.2
       D:11 |    4420 |    1252 |  22.1 |      35 |       3 |   7.9
       D:12 |    4835 |    4514 |  48.3 |      34 |      33 |  49.3
       D:13 |    3506 |     162 |   4.4 |      23 |       1 |   4.2
       D:14 |   16804 |    4277 |  20.3 |      56 |      13 |  18.8
       D:15 |   13389 |   10427 |  43.8 |      28 |      18 |  39.1
     Lair:1 |    5252 |    1024 |  16.3 |      23 |       4 |  14.8
     Lair:2 |    3650 |     490 |  11.8 |      13 |       3 |  18.8
     Lair:3 |    1935 |     229 |  10.6 |       9 |       1 |  10.0
     Lair:4 |    8050 |     496 |   5.8 |      23 |       3 |  11.5
     Lair:5 |    2318 |    1006 |  30.3 |      11 |       4 |  26.7
     Lair:6 |    7014 |   10216 |  59.3 |      27 |      37 |  57.8
   Spider:1 |   15089 |       0 |   0.0 |      51 |       0 |   0.0
   Spider:2 |    7753 |       0 |   0.0 |      23 |       0 |   0.0
   Spider:3 |   17350 |    5197 |  23.0 |      48 |       5 |   9.4
   Spider:4 |   10582 |    5800 |  35.4 |      32 |      18 |  36.0
      Orc:1 |    2766 |    3375 |  55.0 |      20 |      28 |  58.3
      Orc:2 |     870 |    8931 |  91.1 |      20 |      21 |  51.2
      Sewer |       0 |     205 | 100.0 |       0 |      48 | 100.0
            +---------+---------+-------+---------+---------+-------
